 Dungeon Crawl Stone Soup version bcrawl-1.12-8-g964540c (webtiles) character file.

Game seed: 12521764713922794705

10546 Raine357 the Spear-Bearer (level 11, -3/99 HPs)
             Began as a Demigod Gladiator on June 7, 2019.
             Slain by an unseen horror (4 damage)
             ... on level 9 of the Dungeon.
             The game lasted 00:36:23 (14096 turns).

Raine357 the Spear-Bearer (Demigod Gladiator)      Turns: 14096, Time: 00:36:23

Health: -3/99      AC: 10    Str: 20    XL:     11   Next: 37%
Magic:  20/20      EV: 13    Int: 16    God:    Demigod [****..]
Gold:   602        SH:  5    Dex: 18    Spells: 9/10 levels left

rFire    + . .     SeeInvis .   b - +0 trident
rCold    . . .     Gourm    .   g - +0 buckler
rNeg     . . .     Faith    .   o - +0 steam dragon scales
rPois    .         Spirit   .   c - +2 helmet
rElec    .         Reflect  .   (no cloak)
rCorr    .         Harm     .   (no gloves)
MR       ++...                  m - +1 pair of boots
Stlth    ++........             (no amulet)
HPRegen  0.26/turn              r - ring of protection from magic
MPRegen  0.17/turn              H - ring of protection from fire

@: lightly drained
A: high mp 1
a: Temporal Distortion, Growth, Major Destruction, Heroism


You were on level 9 of the Dungeon.
You worshipped Demigod.
Demigod was greatly pleased with you.
You were hungry.

You visited 2 branches of the dungeon, and saw 10 of its levels.

You collected 602 gold pieces.

Inventory:

Hand Weapons
 a - the +1 spear of Brawling {protect, rElec Str+3}
   (You found it on level 6 of the Dungeon)

   It grants its wielder temporary protection when it strikes (+7 to AC).
   It affects your strength (+3).
   It insulates you from electricity.
 b - a +0 trident (weapon)
 O - the +8 rapier "Nuunniqyla" {holy, rPois Dex+9 Stlth-, unknown}
   (You found it on level 9 of the Dungeon)

   It has been blessed by the Shining One to cause great damage to the undead
   and demons.
   It affects your dexterity (+9).
   It protects you from poison.
   It makes you less stealthy.
Missiles
 d - 2 throwing nets {!f}
 i - 1348 stones
 l - 1079 sling bullets
 s - 1406 arrows
 v - 230 tomahawks (quivered)
 w - 326 bolts
Armour
 c - a +2 helmet (worn)
 g - a +0 buckler (worn)
   (You found it on level 1 of the Dungeon)
 m - a +1 pair of boots (worn)
   (You found it on level 2 of the Dungeon)
 o - +0 steam dragon scales (worn)
   (You found it on level 7 of the Dungeon)
 y - a +0 troll leather armour
   (You found it on level 5 of the Dungeon)
 N - a scarf of cloud immunity
   (You found it on level 9 of the Dungeon)
Jewellery
 r - a ring of protection from magic (left hand)
   (You took it off a gnoll on level 2 of the Dungeon)
 F - the ring "Zobyngen" {AC-4 Slay+3}
   (You found it on level 6 of the Dungeon)

   [ring of protection]

   It affects your AC (-4).
   It affects your accuracy and damage with ranged weapons and melee attacks
   (+3).
 H - a ring of protection from fire (right hand)
   (You found it on level 7 of the Dungeon)
 I - a +3 ring of dexterity
   (You found it on level 7 of the Dungeon)
Wands
 K - a wand of paralysis (5)
   (You found it on level 7 of the Dungeon)
Scrolls
 k - 3 scrolls of remove curse
 n - a scroll of silence {unknown}
 t - a scroll of fog {unknown}
 z - a scroll of enchant weapon {unknown}
 E - a scroll of amnesia {unknown}
 G - a scroll of torment {unknown}
 J - a scroll of fear
 M - a scroll of blinking {unknown}
Potions
 e - 5 potions of curing
 h - 2 potions of cancellation
 j - 2 potions of resistance
 u - a potion of heal wounds
 x - 3 potions of lignification
 A - a potion of haste
 B - 2 potions of brilliance
 C - a potion of flight
 D - a potion of invisibility
Comestibles
 f - 12 rations {!d}


   Skills:
 + Level 9.8 Fighting
 + Level 11.3 Polearms
 - Level 1.7 Throwing
 - Level 2.6 Dodging
 - Level 4.1 Shields
 - Level 2.1 Charms
 - Level 8.1 Invocations


You had 9 spell levels left.
You knew the following spells:

 Your Spells              Type           Power        Failure   Level  Hunger
a - Infusion              Chrm           #.......     11%         1    ##.....

Your spell library contained the following spells:

 Spells                   Type           Power        Failure   Level  Hunger
 Apportation              Tloc           #.....       26%         1    ##.....
 Sandblast                Erth           #.....       26%         1    ##.....
 Slow                     Hex            #.......     26%         1    ##.....
 Summon Butterflies       Summ           #.......     26%         1    ##.....


Dungeon Overview and Level Annotations

Branches:
Dungeon (9/12)             Temple (0/1) D:6            Lair (1/6) D:7
    Orc: D:8-11

Shops:
D:6 [

Annotations:
D:7 exclusions: downstairs and 1 more exclusion


Innate Abilities, Weirdness & Mutations

You have an increased reservoir of magic. (+10% MP)


Message History

a +0 giant club x2
You start resting.
You hear a distant blaring wail to the northeast.
Something unseen opens the door.
You start resting.
A crimson imp comes into view.
The crimson imp shouts!
The crimson imp blinks!
Things that are here:
a +0 giant club x2
You start resting.
A crimson imp opens the door.
Attack whom?
Press: ? - help, Dir - move target cursor, f - crimson imp
Aim: a crimson imp You reach to attack!
You hit the crimson imp.
The crimson imp is moderately wounded.
You puncture the crimson imp!
The crimson imp is almost dead.
The crimson imp hits you but does no damage.
You closely miss the crimson imp.
The crimson imp is severely wounded.
The crimson imp blinks!
No target in view!
No target in view!
You start resting.
The crimson imp is too close now for your liking.
Attack whom?
Press: ? - help, Dir - move target cursor, f/p - crimson imp
Aim: a crimson imp (heavily wounded)
You reach to attack!
You closely miss the crimson imp.
The crimson imp is heavily wounded.
Attack whom?
Press: ? - help, Dir - move target cursor, f/p - crimson imp
Aim: a crimson imp (heavily wounded)
You reach to attack!
You puncture the crimson imp!
You kill the crimson imp!
Your kill strengthens your divinity.
No target in view!
No target in view!
There is an open door here.
No target in view!
No target in view!
A hound comes into view.
Attack whom?
Press: ? - help, Dir - move target cursor, f - hound
Aim: a hound (hasn't noticed you)
You reach to attack!
The hound barks!
You hit the hound.
The hound is moderately wounded.
You puncture the hound!
The hound is almost dead.
The hound closely misses you.
You hit the hound.
You kill the hound!
Your kill strengthens your divinity.
No target in view!
A troll comes into view.
The troll shouts!
Casting: Infusion (safe; 11% risk of failure)
Confirm with . or Enter, or press ? or * to list all spells.
You begin infusing your attacks with magical energy.
Attack whom?
Press: ? - help, Dir - move target cursor, f - troll
Aim: a troll You reach to attack!
You puncture the troll!!
The troll is heavily wounded.
You hit the troll but do no damage.
The troll is moderately wounded.
You closely miss the troll.
The troll is moderately wounded.
The troll bites you! The troll completely misses you. The troll claws you!
You hit the troll.
The troll is heavily wounded.
The troll bites you but does no damage. The troll barely misses you.
The troll claws you.
You hit the troll.
The troll is heavily wounded.
The troll bites you! The troll closely misses you. x2
You puncture the troll!
The troll is severely wounded.
You hit the troll but do no damage.
The troll is severely wounded.
Your magical infusion is running out.
The troll bites you! The troll claws you. The troll barely misses you.
You are too injured to fight recklessly!
You are too injured to fight recklessly!
You are too injured to fight recklessly!
You are too injured to fight recklessly!
You are too injured to fight recklessly!
You puncture the troll!
The troll is almost dead.
The troll misses you. x2; You block the troll's attack.
You completely miss the troll.
The troll is almost dead.
You closely miss the troll.
The troll is almost dead.
The troll bites you! The troll claws you. You block the troll's attack.
You puncture the troll!
You kill the troll!
Your kill strengthens your divinity.
You start resting.
You are no longer magically infusing your attacks.
You start resting.
Magic restored.
You are feeling hungry.
HP restored.
Found 6 gold pieces.
Found 137 bolts.
Autopickup is now on.
You now have 602 gold pieces (gained 6).
An orc priest comes into view. It is wielding a +0 club.
An orc wizard comes into view. It is wielding a -3 dire flail.
The orc wizard shouts!
The orc priest shouts!
The orc priest mumbles some strange prayers to Beogh against you.
Beogh smites you!
The orc wizard points at you and mumbles some strange words.
The magic dart hits you!
You hear a shout!
An orc warrior comes into view. It is wielding a +0 trident.
The orc warrior shouts!
The orc priest hits you with a +0 club.
There is an open door here.
You puncture the orc priest!
The orc priest is heavily wounded.
The orc wizard points at you and mumbles some strange words.
The magic dart hits you!
You hit the orc priest but do no damage.
The orc priest is heavily wounded.
The orc priest barely misses you.
You puncture the orc priest!
You kill the orc priest!
Your kill strengthens your divinity.
You see here a +0 club.
The orc warrior barely misses you.
The orc wizard mumbles some strange words.
The orc wizard flickers and vanishes!
Deactivating autopickup; reactivate with Ctrl-A.
Casting: Infusion (safe; 11% risk of failure)
Confirm with . or Enter, or press ? or * to list all spells.
You begin infusing your attacks with magical energy.
You hear some strange, mumbled words.
The orc warrior hits you with a +0 trident!
You see here a +0 club.
You hit the orc warrior but do no damage.
The orc warrior hits you with a +0 trident.
You barely miss the orc warrior. Something hits you.
You hear some strange, mumbled words.
A puff of flame appears from out of thin air!
The puff of flame misses you. The orc warrior barely misses you.
There is an open door here.
You block the orc warrior's attack.
You see here a +0 club.
You closely miss the orc warrior.
Your magical infusion is running out.
Something hits you but does no damage.
You closely miss the orc warrior. Something hits you!
The orc warrior hits you but does no damage.
You closely miss the orc warrior. Something hits you but does no damage.
The orc warrior hits you with a +0 trident!
You closely miss the orc warrior.
You hear some strange, mumbled words.
A magic dart appears from out of thin air!
The magic dart hits you!
You hear some strange, mumbled words.
A puff of frost appears from out of thin air!
The puff of frost hits you!
The orc warrior hits you with a +0 trident.
You hear some strange, mumbled words.
A puff of frost appears from out of thin air!
The puff of frost misses you.
Casting: Infusion (safe; 11% risk of failure)
Confirm with . or Enter, or press ? or * to list all spells.
You don't know that spell.
Press: ? - help, Shift-Dir - straight line, f - orc warrior
Aim: an orc warrior, wielding a +0 trident and wearing a cursed +0 chain mail The bolt of negative energy hits something.
Your kill strengthens your divinity.
Reactivating autopickup.
You feel a bit more experienced.
The bolt of negative energy hits the orc warrior.
The orc warrior is drained!
The orc warrior is moderately wounded.
You are no longer magically infusing your attacks.
The orc warrior hits you but does no damage.
You block the orc warrior's attack.
You closely miss the orc warrior.
The orc warrior is moderately wounded.
The orc warrior barely misses you.
You hit the orc warrior.
The orc warrior is heavily wounded.
You hit the orc warrior.
The orc warrior is heavily wounded.
The orc warrior completely misses you.
You closely miss the orc warrior.
The orc warrior is heavily wounded.
The orc warrior hits you but does no damage.
You hit the orc warrior but do no damage.
The orc warrior is heavily wounded.
You hit the orc warrior but do no damage.
The orc warrior is heavily wounded.
The orc warrior hits you with a +0 trident!
You closely miss the orc warrior.
The orc warrior is heavily wounded.
The orc warrior hits you with a +0 trident!
* * * LOW HITPOINT WARNING * * *
You gain the combat prowess of a mighty hero.
The orc warrior closely misses you.
You impale the orc warrior!!
You kill the orc warrior!
Your kill strengthens your divinity.
Things that are here:
a +0 trident; a cursed +0 chain mail; an orc corpse You butcher the orc corpse.
n - 2 chunks of flesh
Things that are here:
a +0 trident; a cursed +0 chain mail; an orc skeleton
Things that are here:
a cursed -3 dire flail; a +0 robe; an orc corpse You butcher the orc corpse.
n - 6 chunks of flesh (gained 4)
Things that are here:
a cursed -3 dire flail; a +0 robe; an orc skeleton Eating one of 6 chunks of flesh.
You eat one of the 6 chunks of flesh.
This raw flesh tastes terrible.
You feel like a meek peon again.
A sky beast comes into view.
There is an open door here.
You close the door.
You start resting.
Eating one of 5 chunks of flesh.
You eat one of the 5 chunks of flesh.
This raw flesh tastes terrible.
All of the chunks of flesh in your inventory have rotted away.
HP restored.
A bullfrog comes into view.
The bullfrog gives a loud, deep croak!
Found 170 sling bullets.
Attack whom?
Press: ? - help, Dir - move target cursor, f - bullfrog
Aim: a bullfrog You reach to attack!
You puncture the bullfrog!
The bullfrog is heavily wounded.
You hit the bullfrog.
The bullfrog is severely wounded.
The bullfrog barely misses you.
You hit the bullfrog.
The bullfrog is almost dead.
The bullfrog hits you.
You puncture the bullfrog!
You kill the bullfrog!
Your kill strengthens your divinity.
No target in view!
Found a chain mail.
l - 1079 sling bullets (gained 170)
There is an open door here.
You open the door.
There is an open door here.
Found a ration.
There is an open door here.
The steam dragon misses you. The steam dragon claws you.
You hit the steam dragon.
The steam dragon is lightly wounded.
You block the steam dragon's attack.
The steam dragon claws you but does no damage.
You closely miss the steam dragon.
The steam dragon is lightly wounded.
The steam dragon closely misses you.
The steam dragon claws you but does no damage.
You hit the steam dragon but do no damage.
The steam dragon is lightly wounded.
The steam dragon barely misses you. The steam dragon misses you.
Casting: Infusion (safe; 11% risk of failure)
Confirm with . or Enter, or press ? or * to list all spells.
You begin infusing your attacks with magical energy.
The deep elf mage shouts!
The deep elf mage drinks a potion.
The deep elf mage suddenly seems more agile.
The steam dragon bites you but does no damage.
The steam dragon barely misses you.
You hit the steam dragon but do no damage.
The steam dragon is lightly wounded.
The deep elf mage casts a spell.
You hit the steam dragon but do no damage.
The steam dragon is lightly wounded.
The steam dragon breathes steam at you. The ball of steam hits you! You resist.
You hear a howl!
You hit the steam dragon.
The steam dragon is moderately wounded.
The steam dragon bites you but does no damage.
You block the steam dragon's attack.
You hit the steam dragon.
The steam dragon is moderately wounded.
The steam dragon breathes steam at you. The ball of steam hits you! You resist.
You hear a deafening roar!
You hear an angry hiss.
You puncture the steam dragon!
The steam dragon is severely wounded.
You hit the steam dragon.
The steam dragon is almost dead.
The steam dragon closely misses you.
The steam dragon claws you but does no damage.
You barely miss the steam dragon.
The steam dragon is almost dead.
The steam dragon barely misses you.
The steam dragon claws you but does no damage.
You hit the steam dragon.
You kill the steam dragon!
Your kill strengthens your divinity.
The deep elf mage mumbles some strange words.
You hear a deafening roar!
Evoke which item? (* to show all) (? for menu, Esc to quit)
Aiming: Random Effects
Press: ? - help, Shift-Dir - straight line, f - deep elf mage
Aim: a deep elf mage, wielding a +0 club and wearing a +0 leather armour (unusually agile)
The deep elf mage easily resists.
Your magical infusion is running out.
The smoke demon gestures at you. Something smites you!
Evoke which item? (* to show all) (? for menu, Esc to quit)
Aiming: Random Effects
Press: ? - help, Shift-Dir - straight line, f/p - deep elf mage
Aim: a deep elf mage, wielding a +0 club and wearing a +0 leather armour (unusually agile)
The deep elf mage is filled with an inner flame.
Evoke which item? (* to show all) (? for menu, Esc to quit)
Aiming: Random Effects
Press: ? - help, Shift-Dir - straight line, f/p - deep elf mage
Aim: a deep elf mage, wielding a +0 club and wearing a +0 leather armour (unusually agile, inner flame)
The bolt of poison misses the deep elf mage.
The now-empty wand crumbles to dust.
The deep elf mage casts a spell at you. The bolt of negative energy hits you!
You feel drained. The smoke demon gestures at you. The sticky flame hits you!
You resist.
You are covered in liquid flames!
Evoke which item? (* to show all) (? for menu, Esc to quit)
You don't have any such object.
Evoke which item? (* to show all) (? for menu, Esc to quit)
Okay, then.
You are covered in liquid flames!
You see here a steam dragon corpse.
Press: ? - help, Shift-Dir - straight line, f/p - deep elf mage
Aim: a deep elf mage, wielding a +0 club and wearing a +0 leather armour (unusually agile, inner flame)
The orb of electricity explodes!
The orb of electricity engulfs the deep elf mage.
The deep elf mage is severely wounded.
The orb of electricity engulfs the smoke demon.
The smoke demon is moderately wounded.
You hear a shout!
The smoke demon gestures at you. Something smites you!
Press: ? - help, Shift-Dir - straight line, f/p - deep elf mage
Aim: a deep elf mage, wielding a +0 club and wearing a +0 leather armour (severely wounded, unusually agile, inner flame)
The sticky flame hits the deep elf mage.
The deep elf mage is almost dead.
The deep elf mage is covered in liquid flames!
The deep elf mage burns!
The deep elf mage gestures wildly while chanting.
Press: ? - help, Shift-Dir - straight line, f/p - deep elf mage
Aim: a deep elf mage, wielding a +0 club and wearing a +0 leather armour (almost dead, covered in liquid flames, unusually agile, inner flame)
You hear a mighty clap of thunder!
The bolt of lightning hits the deep elf mage.
The deep elf mage explodes!
The fiery explosion engulfs the tarantella.
You kill the tarantella!
The tarantella's corpse disappears in a puff of smoke!
The fiery explosion engulfs the smoke demon.
The smoke demon resists.
The smoke demon is moderately wounded.
Your kill strengthens your divinity.
The smoke demon disappears in a puff of smoke!
The hell rat disappears in a puff of smoke!
Base training target 4.0 for Shields reached!
Your base Shields skill increases to level 4!
You are no longer magically infusing your attacks.
You hear a screech!
You hear a shout!
An ogre comes into view. It is wielding a +0 giant spiked club.
You see here a ration {!d}.
A hippogriff comes into view.
The hippogriff screeches!
You feel much better.
As you read the scroll of teleportation, it crumbles to dust.
You feel strangely unstable.
The hippogriff bites you but does no damage.
The hippogriff barely misses you.
The hippogriff claws you but does no damage.
The hippogriff closely misses you. The hippogriff barely misses you.
The hippogriff claws you.
Your surroundings suddenly seem different.
Found a scroll labeled KUPHAPTEAPS.
n - a scroll labeled KUPHAPTEAPS
As you read the scroll labeled DOZXOSSUREA, it crumbles to dust.
You assume a fearsome visage.
Nothing appears to happen.
It was a scroll of fear.
You start resting.
You are feeling hungry.
HP restored.
Found a stone staircase leading down.
There is an open door here.
Found 18 gold pieces.
Evoke which item? (* to show all) (? for menu, Esc to quit)
Aiming: Paralyse
Press: ? - help, Shift-Dir - straight line Nothing appears to happen.
The howler monkey howls!
The howler monkey hoots and howls with incredible vigour!
Deactivating autopickup; reactivate with Ctrl-A.
You barely miss something. Something hits you but does no damage.
There is an open door here.
There is an open door here.
The howler monkey hoots and howls with incredible vigour!
Something hits you.
The howler monkey hits you but does no damage.
There is an open door here.
You hit the howler monkey.
The howler monkey is moderately wounded.
The howler monkey misses you. Something barely misses you.
You closely miss the howler monkey.
The howler monkey is moderately wounded.
Something hits you. The howler monkey hits you.
You closely miss the howler monkey.
The howler monkey is moderately wounded.
Something hits you but does no damage.
The howler monkey hits you but does no damage.
You puncture the howler monkey!
The howler monkey is severely wounded.
You block something's attack.
The howler monkey hoots and howls with incredible vigour!
You hit the howler monkey.
You kill the howler monkey!
Your kill strengthens your divinity.
Something hits you but does no damage.
No target in view!
A troll comes into view.
Something hits you but does no damage.
You see here a howler monkey corpse.
Something hits you but does no damage.
There is an open door here.
Something hits you! Something hits you but does no damage.
You hit something. Something hits you but does no damage.
You hit something. Something hits you! Something hits you but does no damage.
You closely miss something. You block something's attack. Something hits you.
You block something's attack. The troll bites you but does no damage.
The troll claws you but does no damage. The troll claws you!
There is an open door here.
You hit the troll.
The troll is lightly wounded.
Something hits you but does no damage. The troll misses you.
The troll barely misses you. You block the troll's attack.
You hit the troll but do no damage.
The troll is lightly wounded.
Something hits you but does no damage. The troll bites you!
The troll claws you. x2
You hit the troll.
The troll is lightly wounded.
Something hits you! Something hits you but does no damage.
The troll barely misses you. The troll claws you but does no damage.
The troll closely misses you.
You hit the troll but do no damage.
The troll is lightly wounded.
Something hits you.
You puncture the troll!
The troll is moderately wounded.
Something hits you but does no damage. The troll barely misses you.
The troll closely misses you. x2
A centaur comes into view. It is wielding a +0 falchion.
The centaur shouts!
You puncture the troll!
The troll is severely wounded.
Something hits you. Something hits you but does no damage.
The centaur unwields a +0 falchion.
The centaur wields a +0 shortbow.
The centaur shoots an arrow.
You block the arrow. The troll misses you. The troll barely misses you.
The troll claws you! Something hits you!
* * * LOW HITPOINT WARNING * * *
Something hits you but does no damage.
Press: ? - help, Shift-Dir - straight line, f - troll
Aim: a troll (heavily wounded)
The fireball explodes!
The fireball engulfs something.
The fireball engulfs the troll.
The troll is almost dead.
The fireball engulfs you! You resist.
* * * LOW HITPOINT WARNING * * *
The centaur shoots an arrow.
You block the arrow. Something hits you.
* * * LOW HITPOINT WARNING * * *
The centaur shoots an arrow.
The arrow closely misses you.
Press: ? - help, Shift-Dir - straight line, f/p - troll
Aim: a troll (almost dead)
The fireball explodes!
The fireball engulfs the troll.
You kill the troll!
Your kill strengthens your divinity.
The troll leather armour is intact enough to wear.
The fireball engulfs the centaur.
The centaur is heavily wounded.
The fireball engulfs something.
Something hits you.
You die...
Your divinity fades.

#.......#....,,,*,,,*
#...#####....,,,*,,,*
#...#>.......,,,*,,,*
#...#........,,,+,,,*
#...#........,,**,,,*
#...#........,,*,,,,*
#...#........,,*<,,,*
#...#......##*,*,,,,**
##..['@.....'.*,*,,,,,,
#..c†########.*,*,,,,,,
#...........,,***,,,,,,
#...........,,,,,,,,,,,
*#......T....,,,,,,,,,,,
#............,,,,,,,,,,,
#............,,,,,,,,,,,
#............,,,<*******
#$...........,,,,*,,,,,*


You could see a centaur.

Vanquished Creatures
  A two-headed ogre (D:9)
  Pikel (D:8)
  A deep elf mage (D:9)
  A cane toad (Lair:1)
  A komodo dragon (Lair:1)
  5 trolls
  Prince Ribbit (D:7)
  4 yaks
  A wyvern (Lair:1)
  A golden eye (shapeshifter) (D:6)
  A hungry ghost (D:8)
  Grum (D:8)
  3 steam dragons
  3 water moccasins
  2 porcupines
  4 orc warriors
  3 ice beasts
  5 black bears
  3 ogres
  5 wolves
  4 centaurs
  5 crocodiles
  3 big kobolds
  5 bullfrogs
  A water moccasin zombie (D:4)
  4 scorpions
  5 killer bees
  4 howler monkeys
  6 crimson imps
  8 hounds
  A quasit (D:8)
  A bullfrog skeleton (D:8)
  6 orc priests
  2 jellies
  2 iguanas
  12 orc wizards
  8 worker ants
  A hound zombie (D:6)
  4 hound skeletons
  Robin (D:4)
  3 gnolls (D:2)
  A howler monkey skeleton (D:7)
  10 adders
  3 shadow imps
  2 oozes
  2 adder skeletons
  4 worms
  4 dart slugs
  5 leopard geckos
  47 orcs
  5 bats
  2 giant cockroaches
  9 goblins
  11 hobgoblins
  10 jackals
  6 quokkas
  4 frilled lizards
  30 kobolds
  2 rats (D:1)
290 creatures vanquished.

Vanquished Creatures (others)
  3 fungi
  11 plants
14 creatures vanquished.

Grand Total: 304 creatures vanquished

Notes
Turn   | Place    | Note
-------+----------+-------------------------------------------
     0 | D:1      | Raine357 the Demigod Gladiator began the quest for the Orb.
     0 | D:1      | Reached XP level 1. HP: 17/17 MP: 3/3
   366 | D:1      | Reached skill level 3 in Polearms
   748 | D:1      | Reached XP level 2. HP: 24/24 MP: 4/4
  1045 | D:2      | Reached skill level 1 in Shields
  1455 | D:2      | Reached XP level 3. HP: 24/29 MP: 5/5
  1922 | D:2      | Found a glowing golden altar of the Shining One.
  1958 | D:2      | Reached * piety under Demigod
  2135 | D:2      | Reached skill level 4 in Polearms
  2135 | D:2      | Reached XP level 4. HP: 26/36 MP: 6/6
  2892 | D:3      | Reached XP level 5. HP: 29/41 MP: 7/7
  3196 | D:3      | Reached skill level 5 in Polearms
  3520 | D:3      | Reached ** piety under Demigod
  3852 | D:3      | Reached XP level 6. HP: 48/48 MP: 8/8
  4039 | D:4      | Found a snail-covered altar of Cheibriados.
  4316 | D:4      | Reached skill level 6 in Polearms
  4421 | D:4      | Reached XP level 7. HP: 43/56 MP: 9/9
  4513 | D:4      | Found an ancient bone altar of Kikubaaqudgha.
  4513 | D:4      | Found a corrupted altar of Lugonu.
  4513 | D:4      | Found a blossoming altar of Fedhas.
  4513 | D:4      | Found a bloodstained altar of Trog.
  4520 | D:4      | Found a stormy altar of Qazlal.
  4526 | D:4      | Found an ornate altar of the Wu Jian Council.
  4700 | D:4      | Noticed Robin
  4734 | D:4      | Killed Robin
  4912 | D:4      | Reached skill level 7 in Polearms
  4926 | D:4      | Reached skill level 1 in Invocations
  5397 | D:5      | Entered Level 5 of the Dungeon
  5564 | D:5      | Reached XP level 8. HP: 66/66 MP: 12/12
  5650 | D:5      | Noticed a troll
  5676 | D:5      | Killed a troll
  5676 | D:5      | Reached *** piety under Demigod
  6426 | D:5      | Reached skill level 5 in Fighting
  6607 | D:6      | Reached skill level 8 in Polearms
  6607 | D:6      | Reached skill level 5 in Invocations
  6631 | D:6      | Found a staircase to the Ecumenical Temple.
  6682 | D:6      | Got an ichor-stained spear
  6685 | D:6      | Identified the cursed +1 spear of Brawling {protect, rElec
                  | Str+3} (You found it on level 6 of the Dungeon)
  6789 | D:6      | Reached XP level 9. HP: 44/74 MP: 16/16
  7162 | D:6      | Reached **** piety under Demigod
  7527 | D:6      | Got a warped bronze ring
  7528 | D:6      | Identified the cursed ring "Zobyngen" {AC-4 Slay+3} (You
                  | found it on level 6 of the Dungeon)
  7531 | D:6      | Reached skill level 9 in Polearms
  7674 | D:6      | Learned a level 1 spell: Infusion
  7773 | D:6      | Found Ajygumu's Antique Armour Shoppe.
  7807 | D:6      | Found a shattered altar of Ashenzari.
  7924 | D:7      | Noticed Prince Ribbit
  7932 | D:7      | Killed Prince Ribbit
  7932 | D:7      | Reached skill level 1 in Charms
  8117 | D:7      | Found a hazy altar of Hepliaklqana.
  8672 | D:7      | Reached XP level 10. HP: 28/86 MP: 17/17
  8823 | D:7      | HP: 16/88 [something (5)]
  8963 | D:7      | Found a staircase to the Lair.
  9356 | D:7      | Reached skill level 10 in Polearms
  9395 | D:7      | Found a shimmering altar of Xom.
  9396 | D:7      | Found a burning altar of Makhleb.
 10813 | D:8      | Found a sparkling altar of Nemelex Xobeh.
 10855 | D:8      | Noticed an angel
 10856 | D:8      | Noticed Grum
 10883 | D:8      | Killed Grum
 10922 | D:8      | HP: 18/90 [wolf[Grum] (1)]
 11214 | D:8      | Found a glowing silver altar of Zin.
 11557 | D:8      | Noticed Pikel
 11590 | D:8      | Killed Pikel
 11935 | Lair:1   | Entered Level 1 of the Lair of Beasts
 11950 | Lair:1   | Noticed a cane toad
 11963 | Lair:1   | Killed a cane toad
 11963 | Lair:1   | Reached XP level 11. HP: 89/97 MP: 20/20
 11971 | Lair:1   | Reached skill level 11 in Polearms
 12388 | Lair:1   | HP: 1/97 [komodo dragon (22)]
 12916 | D:9      | Got an ebony rapier
 12936 | D:9      | Noticed a deep elf mage
 12942 | D:9      | Noticed a soul eater
 12944 | D:9      | Noticed a sixfirhy
 12953 | D:9      | HP: 11/97 [redback[a deep elf mage] (13)]
 12954 | D:9      | Noticed a two-headed ogre
 12964 | D:9      | Killed a two-headed ogre
 13883 | D:9      | Killed a deep elf mage
 14095 | D:9      | HP: 17/99 [shot self (7)]
 14095 | D:9      | HP: 7/99 [something (4)]
 14096 | D:9      | Slain by an unseen horror

Skill      XL: |  1  2  3  4  5  6  7  8  9 10 11 |
---------------+----------------------------------+-----
Polearms       | 3 4 5 6 7 8 9 10 11 | 11.3
Shields        | 1 2 3 4 |  4.1
Fighting       | 2 3 5 7 9 |  9.8
Invocations    | 2 5 6 8 |  8.1
Charms         | 2 |  2.1
Throwing       | |  1.7
Dodging        | |  2.6

Action                   |  1- 3 |  4- 6 |  7- 9 | 10-12 || total
-------------------------+-------+-------+-------+-------++-------
Melee: Trident           |   160 |   259 |   603 |   496 ||  1518
       Spear             |       |       |    86 |       ||    86
Throw: Throwing net      |       |     1 |     2 |       ||     3
       Tomahawk          |       |       |    10 |     3 ||    13
 Cast: Infusion          |       |       |     2 |    11 ||    13
Invok: Major Destruction |       |       |     5 |    11 ||    16
       Heroism           |       |       |     3 |     3 ||     6
       Growth            |       |       |     1 |       ||     1
Evoke: Wand              |       |       |       |    14 ||    14
  Use: Scroll            |     1 |     6 |    13 |     5 ||    25
       Potion            |       |       |       |     3 ||     3
 Stab: Sleeping          |     4 |       |     5 |       ||     9
       Held in net/web   |       |     1 |     3 |       ||     4
       Paralysed         |       |       |       |    11 ||    11
       Distracted        |       |       |       |     2 ||     2
  Eat: Chunk             |     4 |     8 |     8 |    13 ||    33
       Ration            |       |       |     2 |     2 ||     4
Armor: Leather armour    |    12 |       |       |       ||    12
       Scale mail        |    41 |    81 |    57 |       ||   179
       Troll leather arm |       |       |   129 |    10 ||   139
       Steam dragon scal |       |       |       |   183 ||   183
Dodge: Dodged            |    63 |    91 |   273 |   248 ||   675
Block: Buckler           |    30 |    50 |   104 |   111 ||   295

Table legend:
 A = Turns spent in this place as a percentage of turns spent in the entire game.
 B = Non-inter-level travel turns spent in this place as a percentage of non-inter-level travel turns spent in the entire game.
 C = Inter-level travel turns spent in this place as a percentage of turns spent in this place.
 D = Turns resting spent in this place as a percentage of non-inter-level travel turns spent in this place.
 E = Turns spent auto-exploring this place as a percentage of non-inter-level travel turns spent in this place.
 F = Non-inter-level travel turns spent in this place divided by the number of levels of this place that you've seen.
                   A       B       C       D       E      F
               +-------+-------+-------+-------+-------+----------------------
         Total | 100.0 | 100.0 |   5.4 |  23.6 |  52.8 | 1333.6
       Dungeon |  94.7 |  94.4 |   5.7 |  20.2 |  55.7 | 1398.8
          Lair |   5.3 |   5.6 |   0.1 |  81.0 |   4.1 | 747.0
               +-------+-------+-------+-------+-------+----------------------

Table legend:
 A = Kills in this place as a percentage of kills in entire the game.
 B = Kills by you in this place as a percentage of kills by you in the entire game.
 C = Kills by friends in this place as a percentage of kills by friends in the entire game.
 D = Other kills in this place as a percentage of other kills in the entire game.
 E = Experience gained in this place as a percentage of experience gained in the entire game.
 F = Experience gained in this place divided by the number of levels of this place that you have seen.
                   A       B       C       D       E      F
               +-------+-------+-------+-------+-------+----------------------
         Total | 100.0 | 100.0 |   N/A |   N/A | 100.0 | 1506.6
       Dungeon |  97.9 |  97.9 |   N/A |   N/A |  90.8 | 1519.2
          Lair |   2.1 |   2.1 |   N/A |   N/A |   9.2 | 1393.0
               +-------+-------+-------+-------+-------+----------------------
